 Dungeon Crawl Stone Soup version 0.30-a0-57-g8b159a9891 (webtiles) character file.

Game seed: 17376979149347233736

163 Decritt the Trooper (level 5, 0/34 HPs)
             Began as a Gargoyle Fighter on Sept 11, 2022.
             Slain by a kobold
             ... wielding a +0 dagger
              (3 damage)
             ... in a sewer.
             The game lasted 00:05:02 (3035 turns).

Decritt the Trooper (Gargoyle Fighter)              Turns: 3035, Time: 00:05:02

Health: 0/34       AC: 11    Str: 22    XL:     5   Next: 44%
Magic:  5/5        EV:  9    Int:  8    God:
Gold:   84         SH:  4    Dex:  9    Spells: 4/4 levels left

rFire   . . .      SeeInvis .    i - +2 whip (venom)
rCold   . . .      Faith    .    c - +0 buckler
rNeg    + . .      Spirit   .    b - +0 scale mail
rPois   ∞          Reflect  .    (no helmet)
rElec   +          Harm     .    (no cloak)
rCorr   .          Rampage  .    (no gloves)
Will    .....                    (no boots)
Stlth   ..........               (no amulet)
HPRegen 0.11/turn                (no ring)
MPRegen 0.09/turn                (no ring)

@: no status effects
A: sickness immunity, AC +4, negative energy resistance 1, electricity
resistance, torment resistance 1, petrification resistance
a: no special abilities


You were in a sewer.
You visited 1 branch of the dungeon, and saw 3 of its levels.
You also visited: Sewer.

You collected 84 gold pieces.

Inventory:

Hand Weapons
 a - a +0 flail
 h - a +0 whip
 i - a +2 whip of venom (weapon)
Missiles
 f - 6 poisoned darts (quivered)
Armour
 b - a +0 scale mail (worn)
 c - a +0 buckler (worn)
Scrolls
 e - 3 scrolls of fog
Potions
 d - a potion of cancellation {unknown}
 g - a potion of flight
 j - a potion of brilliance {unknown}
 l - a potion of mutation {unknown}


   Skills:
 * Level 4.8 Fighting
 * Level 3.8 Maces & Flails
 + Level 4.1 Armour
 - Level 3.2 Shields


You had 4 spell levels left.
You didn't know any spells.
Your spell library contained the following spells:

 Spells                   Type           Power      Damage    Failure   Level
 Portal Projectile        Hex/Tloc       0%         N/A       99%         3
 Tukima's Dance           Hex            0%         N/A       99%         3
 Blade Hands              Tmut           0%         N/A       100%        5


Dungeon Overview and Level Annotations

Branches:
Dungeon (3/15)              Sewer (1/1)

Altars:
Gozag


Innate Abilities, Weirdness & Mutations

You are immune to sickness and miasma.
Your stone body is resilient. (AC +4)
You are immune to poison.
You resist negative energy. (rN+)
You are resistant to electric shocks. (rElec)
You are resistant to unholy torment.
You are immune to petrification.


Message History

The kobold brigand hits you but does no damage.
You barely miss the kobold. The kobold barely misses you.
You block the kobold's attack. The kobold hits you with a +0 whip.
* * * LOW HITPOINT WARNING * * *
The kobold brigand misses you.
You hit the kobold.
The kobold is heavily wounded.
You block the kobold's attack. The kobold brigand barely misses you.
The kobold hits you with a +0 dagger.
* * * LOW HITPOINT WARNING * * *
The kobold hits you but does no damage.
You hit the kobold but do no damage.
The kobold is heavily wounded.
The kobold hits you but does no damage. You block the kobold's attack.
The kobold hits you with a +0 whip.
* * * LOW HITPOINT WARNING * * *
You block the kobold brigand's attack.
You hit the kobold.
You kill the kobold!
The kobold hits you with a +0 club.
* * * LOW HITPOINT WARNING * * *
The kobold misses you.
The kobold brigand hits you but does no damage.
The kobold hits you but does no damage.
The kobold brigand hits you but does no damage.
Items here: (( )) †.
Your +2 whip of venom begins to drip with poison!
i - a +2 whip of venom (weapon)
The kobold hits you with a +0 club.
* * * LOW HITPOINT WARNING * * *
The kobold hits you but does no damage.
The kobold brigand completely misses you.
You hit the kobold brigand but do no damage.
The kobold brigand is poisoned.
The kobold brigand is lightly wounded.
The kobold closely misses you.
The kobold brigand hits you with a +0 dagger.
* * * LOW HITPOINT WARNING * * *
The kobold hits you with a +0 dagger.
You die...

≈≈ ≈ ~~~~ ~
##############~######
#...!#~~~.P~~~~~~P..P
#!∩.@K~~....~~~~~~...
#?..KK.~~P..P~~......
#....#...............
#######..............
#..............
###............
#####........
###.####. ### ##


You could see a kobold brigand (poisoned) and 2 kobolds.

Vanquished Creatures
  A kobold brigand (Sewer)
  4 adders
  A worm (D:3)
  2 dart slugs (D:1)
  5 endoplasms
  4 giant cockroaches
  3 goblins
  2 hobgoblins (D:2)
  2 jackals (D:1)
  2 quokkas (D:1)
  7 ball pythons
  6 bats
  A frilled lizard (Sewer)
  9 kobolds
  10 rats
59 creatures vanquished.

Notes
Turn   | Place    | Note
-------+----------+-------------------------------------------
     0 | D:1      | Decritt the Gargoyle Fighter began the quest for the Orb.
     0 | D:1      | Reached XP level 1. HP: 14/14 MP: 1/1
   149 | D:1      | Reached XP level 2. HP: 11/19 MP: 2/2
   533 | D:1      | Found a faded altar of an unknown god.
  1010 | D:1      | Reached XP level 3. HP: 22/24 MP: 3/3
  1641 | D:2      | Reached XP level 4. HP: 22/29 MP: 4/4
  2316 | D:2      | Found an opulent altar of Gozag.
  2412 | D:3      | Found a glowing drain.
  2573 | Sewer    | Entered a sewer
  2995 | Sewer    | Noticed a kobold brigand
  2995 | Sewer    | Noticed a kobold brigand
  3017 | Sewer    | Killed a kobold brigand
  3018 | Sewer    | Reached XP level 5. HP: 22/34 MP: 5/5
  3035 | Sewer    | Slain by a kobold

Illustrated notes

Levels and vault maps discovered:
D:1:      shiori_arrival_maze, layout_loops_corners,
          ebering_ecumenical_altar_box
D:2:      layout_basic, basic_altar
D:3:      layout_loops_ring, portal_sewer_entry_c, st_stairs_8,
          chequers_serial_rivers_room_b, dk_noncrumbling_2, uniq_natasha
Sewer:    kennysheep_pipe_town

Skill      XL: |  1  2  3  4 |
---------------+-------------+-----
Fighting       | 4 |  4.8
Maces & Flails | 3 |  3.8
Armour         | 4 |  4.1
Shields        | |  3.2

Action                   |  1- 3 |  4- 6 || total
-------------------------+-------+-------++-------
Melee: Flail             |    62 |       ||    62
       Whip              |    76 |   158 ||   234
Throw: Dart              |       |     5 ||     5
  Use: Scroll            |       |     8 ||     8
       Potion            |       |     4 ||     4
Armor: Scale mail        |    90 |   142 ||   232
Dodge: Dodged            |    55 |   119 ||   174
Block: Buckler           |    42 |    54 ||    96

Table legend: (Time is in decaauts)
 A = Elapsed time spent in this place.
 B = Non-inter-level travel time spent in this place.
 C = Inter-level travel time spent in this place.
 D = Time resting spent in this place.
 E = Time spent auto-exploring this place.
 F = Levels seen in this place.
 G = Mean time per level.
                   A        B        C        D        E       F      G
               +--------+--------+--------+--------+--------+-----+--------+
         Total |   3061 |   3029 |     32 |    335 |   2165 |   4 |  765.2 |
       Dungeon |   2594 |   2562 |     32 |     89 |   2032 |   3 |  864.7 |
         Sewer |    466 |    466 |      0 |    246 |    133 |   1 |  466.0 |
               +--------+--------+--------+--------+--------+-----+--------+

Top non-repeatable levels by time:
     D:1: 1255 daAuts
     D:2: 1146 daAuts
   Sewer: 466 daAuts
     D:3: 193 daAuts
